 Dungeon Crawl Stone Soup version 0.17-a0-125-g34d91a1 (webtiles) character file.

110 Kisielow the Skirmisher (level 4, -2/41 HPs)
             Began as a Hill Orc Fighter on Mar 23, 2015.
             Killed from afar by Grinder (7 damage)
             ... with a wand of magic darts
             ... while paralysed by Grinder
             ... on level 3 of the Dungeon.
             The game lasted 00:06:00 (1960 turns).

Kisielow the Skirmisher (Hill Orc Fighter)          Turns: 1960, Time: 00:06:00

Health: -2/41      AC:  8    Str: 24    XL:     4   Next: 91%
Magic:  4/4        EV:  2    Int:  8    God:
Gold:   116        SH:  0    Dex: 10    Spells: 0 memorised, 3 levels left

rFire  . . .     SeeInvis .     q - +0 hand axe (pain)
rCold  . . .     Clarity  .     k - +1 scale mail {rPois}
rNeg   . . .     SustAb   .     c - +0 shield
rPois  +         Gourm    +     (no helmet)
rElec  .         Spirit   .     (no cloak)
rCorr  .         Warding  .     (no gloves)
rMut   .         Stasis   .     (no boots)
MR     .....                    g - amulet of the gourmand
Stlth  ..........               (no ring)
                                p - +3 ring of slaying

@: paralysed, mighty, not resistant to hostile enchantments, extremely
unstealthy
A: no striking features
a: no special abilities


You were on level 3 of the Dungeon.
You were completely stuffed.

You visited 1 branch of the dungeon, and saw 4 of its levels.

You collected 116 gold pieces.

Inventory:

Hand weapons
 a - a +0 war axe
 q - a +0 hand axe of pain (weapon)
Armour
 c - a +0 shield (worn)
 k - a +1 scale mail of poison resistance (worn)
Jewellery
 g - an amulet of the gourmand (around neck)
 p - a +3 ring of slaying (left hand)
Scrolls
 f - 2 scrolls of enchant armour {unknown}
 h - a scroll of noise {unknown}
 i - a scroll of remove curse {unknown}
 j - 2 scrolls of immolation {unknown}
 l - a scroll of recharging {unknown}
 t - a scroll of fog {unknown}
 u - a scroll of fear {unknown}
 v - 2 scrolls of identify {unknown}
Potions
 n - a potion of flight {unknown}
 r - a potion of invisibility {unknown}
 s - a potion of curing {unknown}
 w - a potion of cancellation {unknown}
Comestibles
 b - 2 bread rations
 d - a meat ration
 m - a slice of pizza
 o - 4 chunks of flesh


   Skills:
 * Level 4.7 Fighting
 * Level 3.4 Axes
 * Level 4.1 Armour
 * Level 4.2 Shields


You had 3 spell levels left.
You didn't know any spells.

Dungeon Overview and Level Annotations

Branches:
Dungeon (4/15)
 Temple: D:4-7

Altars:
Gozag
Sif Muna

Annotations:
D:3 Grinder


Message History

Grinder gestures at you. Pain shoots through your body! The orc hits you.
You barely miss Grinder.
Grinder is lightly wounded.
You hit the orc but do no damage.
Grinder zaps a wand.
The magic dart hits you! You block the orc's attack. Grinder barely misses you.
Drink which item? (? for menu, Esc to quit)
You feel very mighty all of a sudden. The orc closely misses you.
Grinder gestures at you.
You suddenly lose the ability to move!
The orc hits you.
* * * LOW HITPOINT WARNING * * *
Grinder zaps a wand.
The magic dart hits you!
* * * LOW HITPOINT WARNING * * *
A hobgoblin comes into view. It is wielding a club.
The orc hits you.
* * * LOW HITPOINT WARNING * * *
Grinder zaps a wand.
The magic dart hits you!
You die...

### ....# ...
... . ... ..
#.# .# #.##g.#
#.5).# ###@o#
##$...#
###..#...#
#...####..... #
#.### .#... ..
#.####.# .....
#. #....#.# ###
#.## #.....##
#..####.##...##


You could see Grinder, an orc and a hobgoblin.

Vanquished Creatures
  3 adders
  A giant mite (D:2)
  2 worms (D:2)
  A giant gecko (D:1)
  An ooze (D:2)
  5 giant cockroaches
  12 goblins
  8 hobgoblins
  7 jackals
  2 kobolds
  2 quokkas (D:2)
  7 bats (D:1)
  A giant newt (D:1)
  8 rats
60 creatures vanquished.

Notes
Turn   | Place    | Note
--------------------------------------------------------------
     0 | D:1      | Kisielow, the Hill Orc Fighter, began the quest for the Orb.
     0 | D:1      | Reached XP level 1. HP: 19/19 MP: 1/1
   243 | D:1      | Reached XP level 2. HP: 24/27 MP: 2/2
   484 | D:1      | Reached skill level 4 in Fighting
   691 | D:1      | Reached XP level 3. HP: 33/33 MP: 3/3
  1087 | D:2      | Found a deep blue altar of Sif Muna.
  1130 | D:2      | Found an opulent altar of Gozag.
  1175 | D:2      | Reached XP level 4. HP: 16/41 MP: 4/4
  1949 | D:3      | Noticed Grinder
  1958 | D:3      | Paralysed by Grinder for 6 turns
  1960 | D:3      | Killed from afar by Grinder

Action                   |  1- 3 |  4- 6 || total
-------------------------+-------+-------++-------
Melee: War axe           |    45 |       ||    45
       Hand axe          |    50 |    83 ||   133
  Use: Potion            |       |     1 ||     1
  Eat: Chunk             |    10 |     3 ||    13
